 Dungeon Crawl Stone Soup version 0.27.1-2-g3b301248ec (webtiles) character file.

Game seed: 10549160496989158797

37 Eitelfritz the Insei (level 3, -1/27 HPs)
             Began as a Djinni Transmuter on Oct 2, 2021.
             Slain by a gnoll (5 damage)
             ... on level 2 of the Dungeon.
             The game lasted 00:05:53 (2162 turns).

Eitelfritz the Insei (Djinni Transmuter)            Turns: 2162, Time: 00:05:54

Health: -1/27      AC:  2    Str:  9    XL:     3   Next: 60%
Gold:   39         EV: 12    Int: 15    God:
                   SH:  0    Dex: 13

rFire    + + .     SeeInvis .     - Unarmed
rCold    x . .     Faith    .   (no shield)
rNeg     . . .     Spirit   .   a - +0 robe
rPois    ∞         Reflect  .   (helmet currently unavailable)
rElec    .         Harm     .   (no cloak)
rCorr    .         Rampage  .   (no gloves)
Will     .....                  (boots unavailable)
Stlth    +.........             (no amulet)
HPRegen  0.09/turn              (no ring)
MPRegen  0.00/turn              (no ring)

@: appendages (expiring), wereblooded, flying
A: horns 2, flying, sickness immunity, fire resistance 2, cold vulnerability 1,
float, innate caster, hp casting, extra vitality 1
a: End Transformation


You were on level 2 of the Dungeon.
You had temporarily grown beastly horns.
You visited 1 branch of the dungeon, and saw 2 of its levels.

You collected 128 gold pieces.
You spent 89 gold pieces at shops.

Inventory:

Armour
 a - a +0 robe (worn)
Scrolls
 b - 3 scrolls of identify {unknown}
 d - a scroll of enchant weapon {unknown}
 g - a scroll of summoning {unknown}
Potions
 c - a potion of might {unknown}
 e - a potion of attraction
 f - a potion of curing


   Skills:
 + Level 1.1 Fighting
 + Level 2.4 Dodging
 + Level 0.1 Stealth
 + Level 3.9 Unarmed Combat
 + Level 1.9 Spellcasting


You couldn't memorise any spells.
You knew the following spells:

 Your Spells              Type           Power      Damage    Failure   Level
a - Beastly Appendage     Tmut           14%        N/A       10%         1
b - Wereblood             Tmut           7%         N/A       16%         2
c - Spider Form           Tmut/Pois      3%         N/A       30%         3
d - Ice Form              Ice/Tmut       7%         N/A       69%         4
e - Animate Skeleton      Necr           14%        N/A       10%         1
Your spell library was empty.

Dungeon Overview and Level Annotations

Branches:
Dungeon (2/15)

Altars:

Shops:
D:1 (*!


Innate Abilities, Weirdness & Mutations

You have temporarily grown beastly horns.
You are flying.
You are immune to sickness and miasma.
You are immune to poison.
Your flesh is very heat resistant. (rF++)
You are vulnerable to cold. (rC-)
You float through the air rather than walking.
You learn spells naturally, not from books.
Your magical power is your life essence.
You have superior vitality. (+4 HP)


Message History

Your blood is infused with primal strength.
Casting: Wereblood (safe; 16% risk of failure)
Confirm with . or Enter, or press ? or * to list all spells.
You grow a pair of large bovine horns.
You hit the gnoll.
The gnoll is lightly wounded.
The gnoll misses you.
You hit the gnoll.
The gnoll is moderately wounded.
The gnoll misses you.
You hit the gnoll.
The gnoll is severely wounded.
The gnoll hits you but does no damage. The gnoll closely misses you.
You hit the gnoll.
The gnoll is severely wounded.
The gnoll completely misses you.
A gnoll comes into view. It is wielding a +0 whip.
The gnoll barely misses you.
You closely miss the gnoll.
The gnoll is severely wounded.
The gnoll shouts!
The gnoll barely misses you.
An endoplasm comes into view.
The gnoll barely misses you.
You hit the gnoll.
The gnoll is almost dead.
The gnoll closely misses you.
The gnoll hits you from afar with a +0 halberd!
You closely miss the gnoll.
The gnoll is almost dead.
Your transformation is almost over.
The gnoll hits you with a +0 whip!
The gnoll hits you from afar with a +0 halberd.
* * * LOW HITPOINT WARNING * * *
You barely miss the gnoll.
The gnoll is almost dead.
The gnoll hits you with a +0 whip.
* * * LOW HITPOINT WARNING * * *
The gnoll hits you from afar with a +0 halberd.
You die...

#.##.#.##
#.#####.###
#.##.#.#
#.##>......
#.##.#.#
......#....
#.##.#.#
.........##
#......#
.......##...
####.###
....... #..#
#...# .....
#..# ###.#
..... #...
#@# ... #.##
#g# #.


#gg ..g. ....# !..... .....## #.....# You could see 4 gnolls.

Vanquished Creatures
  An adder (D:2)
  A dart slug (D:1)
  An orc (D:2)
  2 ball pythons (D:2)
  2 endoplasms
  3 goblins (D:1)
  3 hobgoblins
  A quokka (D:2)
  A bat (D:1)
  2 frilled lizards (D:1)
  5 kobolds (D:1)
  A rat (D:2)
23 creatures vanquished.

Notes
Turn   | Place    | Note
-------+----------+-------------------------------------------
     0 | D:1      | Eitelfritz the Djinni Transmuter began the quest for the
                  | Orb.
     0 | D:1      | Reached XP level 1. HP: 17/17 MP: 0/0
   265 | D:1      | Found a faded altar of an unknown god.
   265 | D:1      | Noticed a golden eye
   276 | D:1      | Reached XP level 2. HP: 8/22 MP: 0/0
   632 | D:1      | Noticed an eye of devastation
   637 | D:1      | You are sucked into a shaft and drop 1 floor!
  1018 | D:1      | Found Juuf's Weapon Boutique.
  1210 | D:1      | Found Bokam's Distillery.
  1219 | D:1      | Bought a potion of attraction for 33 gold pieces
  1219 | D:1      | Bought a potion of curing for 33 gold pieces
  1253 | D:1      | Found Caaru's Assorted Antiques.
  1263 | D:1      | Noticed a shining eye
  1267 | D:1      | Noticed an eye of devastation
  1283 | D:1      | Reached XP level 3. HP: 23/27 MP: 0/0
  1283 | D:1      | Learned a level 1 spell: Animate Skeleton
  1415 | D:1      | Bought a scroll labelled NOEMINK FIATZ for 23 gold pieces
  2162 | D:2      | Slain by a gnoll

Illustrated notes

Levels and vault maps discovered:
D:1:      sevenhm_arrival_forest_fort_large_4, layout_loops_cross,
          hellmonk_ecumenical_altar_watching_god, serial_shops, shop_fountains,
          nicolae_square_shop, nicolae_shop_statue_plus
D:2:      layout_loops_cross

Action                   || total
-------------------------++-------
Melee: Unarmed           ||   101
       Headbutt          ||    16
       Punch             ||     1
 Cast: Beastly Appendage ||    17
       Wereblood         ||     1
 Stab: Sleeping          ||     1
Armor: Robe              ||    17
Dodge: Dodged            ||    61
